 Dungeon Crawl Stone Soup version 0.26-a0-682-g294304f6e8 (webtiles) character file.

Game seed: 12600567252710406557

2271 Asdor the Soothsayer (level 9, -6/64 HPs)
             Began as a Demonspawn Gladiator on Oct 21, 2020.
             Was a Priest of Nemelex Xobeh.
             Mangled by a hornet (11 damage)
             ... while paralysed by a hornet
             ... on level 7 of the Dungeon.
             The game lasted 00:15:14 (7375 turns).

Asdor the Soothsayer (Demonspawn Gladiator)         Turns: 7375, Time: 00:15:15

Health: -6/64      AC: 12    Str: 24    XL:     9   Next: 16%
Magic:  14/14      EV:  2    Int: 10    God:    Nemelex Xobeh [***...]
Gold:   354        SH:  0    Dex: 15    Spells: 8/8 levels left

rFire    . . .     SeeInvis .   a - +0 trident
rCold    . . .     Faith    .   i - +2 buckler
rNeg     + . .     Spirit   .   o - +2 scale mail {MR+}
rPois    .         Reflect  .   y - +2 helmet of the Garden {Str+7}
rElec    .         Harm     .   (no cloak)
rCorr    .         Rampage  .   (gloves unavailable)
MR       +....                  (no boots)
Stlth    ..........             (no amulet)
HPRegen  0.20/turn              h - ring of positive energy
MPRegen  0.14/turn              (no ring)

@: paralysed, lethally poisoned (-6 -> -7), slowed, lightly drained
A: claws 3, repulsion field 1
a: Draw Escape, Draw Destruction, Draw Summoning, Triple Draw, Renounce Religion


You were on level 7 of the Dungeon.
You worshipped Nemelex Xobeh.
Nemelex Xobeh was most pleased with you.
You visited 2 branches of the dungeon, and saw 8 of its levels.

You collected 354 gold pieces.

Inventory:

Hand Weapons
 a - a +0 trident (weapon)
 m - the +5 dagger "Gyopoavou" {vorpal, rPois}
   (You found it on level 4 of the Dungeon)

   It inflicts extra damage upon your enemies.
   It protects you from poison.
Missiles
 b - 7 javelins
 d - 4 throwing nets (quivered)
 t - 52 stones
Armour
 c - a +0 helmet
 i - a +2 buckler (worn)
 o - a +2 scale mail of magic resistance (worn)
 y - the +2 helmet of the Garden (worn) {Str+7}
   (You found it on level 6 of the Dungeon)

   It affects your strength (+7).
Jewellery
 h - a ring of positive energy (left claw)
 n - an uncursed ring of wizardry
Wands
 r - a wand of paralysis (12)
Scrolls
 e - a scroll of identify
 f - 2 scrolls of enchant weapon
 g - a scroll of magic mapping
 j - 4 scrolls of fear
 k - 2 scrolls of immolation
 l - 3 scrolls of teleportation
 s - a scroll of enchant armour
 u - a scroll of remove curse
 x - a scroll of holy word {unknown}
Potions
 p - a potion of stabbing
 q - 2 potions of berserk rage
 v - a potion of mutation {unknown}
 w - a potion of curing
 z - a potion of cancellation {unknown}


   Skills:
 + Level 3.6(3.5) Fighting
 + Level 6.3(6.2) Polearms
 - Level 3.0 Throwing
 + Level 4.8(4.7) Armour
 + Level 4.1(4.0) Dodging
 - Level 4.0(3.9) Shields
 + Level 6.9(6.8) Invocations


You had 8 spell levels left.
You didn't know any spells.
Your spell library contained the following spells:

 Spells                   Type           Power        Failure   Level
 Foxfire                  Conj/Fire      #...         65%         1
 Conjure Flame            Conj/Fire      #.......     95%         3
 Inner Flame              Hex/Fire       #.......     95%         3
 Sticky Flame             Conj/Fire      #.......     100%        4
 Fireball                 Conj/Fire      #.........   100%        5


Dungeon Overview and Level Annotations

Branches:
Dungeon (7/15)             Temple (1/1) D:4

Altars:
Ashenzari
Cheibriados
Elyvilon
Gozag
Hepliaklqana
Kikubaaqudgha
Makhleb
Nemelex Xobeh
Qazlal
Ru
Sif Muna
Trog
Wu Jian
Xom
Yredelemnul
The Shining One

Annotations:
D:3 4 transporters, EnegeticOcto's ghost, weakling HaEE
D:6 3 runed translucent doors, Flugkiller's ghost, novice DEVM


Innate Abilities, Weirdness & Mutations

You have claws for hands.
You are surrounded by a mild repulsion field. (EV +2)


Message History

Aim: a hornet You throw a throwing net.
The throwing net hits the hornet.
The hornet is caught in the net!
The hornet struggles against the net. x2
You barely miss the hornet.
You feel sick.
The hornet struggles against the net. x2
The net rips apart, and the hornet comes free!
You hit the hornet.
The hornet is lightly wounded.
You feel yourself speed up. The hornet stings you!
* * * LOW HITPOINT WARNING * * *
You feel yourself slow down. The hornet stings you.
* * * LOW HITPOINT WARNING * * *
You suddenly lose the ability to move!
You feel sick. The hornet stings you.
* * * LOW HITPOINT WARNING * * *
You feel as though you will be slow longer.
The hornet stings you!
You die...
Your body disappears without a glow.

####+###+###
#..........#
#..........#
#..........#
#..........#
#.@........######
......y#####.........#
.......#...#.........#
.......#...#.........#
.......#...#.........#
/..?...#...#...).....#
.......#...#.((......#
(......#...#(........#
#...((........#


You could see a hornet.

Vanquished Creatures
  A water moccasin (D:6)
  An orc warrior (D:6)
  A phantom (D:7)
  6 ogres
  4 centaurs
  A bullfrog (D:6)
  A scorpion (D:4)
  5 wights
  A centaur zombie (D:5)
  An orc priest (D:3)
  2 bullfrog skeletons
  6 orc wizards
  A centaur skeleton (D:4)
  2 iguanas
  6 worker ants
  7 adders
  A shadow imp (D:7)
  A white imp (D:5)
  3 oozes
  An adder zombie (D:5)
  3 worms
  2 dart slugs (D:2)
  A leopard gecko (D:2)
  20 orcs
  A ball python (D:1)
  A giant cockroach (D:1)
  4 goblins
  8 hobgoblins
  10 jackals
  8 kobolds
  3 quokkas
  A bat (D:2)
  A frilled lizard (D:5)
  A jackal skeleton (D:6)
  4 rats
120 creatures vanquished.

Vanquished Creatures (collateral kills)
  4 wights (D:6)
  An orc (D:6)
5 creatures vanquished.

Vanquished Creatures (others)
  2 plants (D:7)
2 creatures vanquished.

Grand Total: 127 creatures vanquished

Notes
Turn   | Place    | Note
-------+----------+-------------------------------------------
     0 | D:1      | Asdor the Demonspawn Gladiator began the quest for the Orb.
     0 | D:1      | Reached XP level 1. HP: 16/16 MP: 1/1
     6 | D:1      | Noticed a komodo dragon
     6 | D:1      | Noticed a polar bear
     7 | D:1      | Noticed a wolf
     7 | D:1      | Noticed a lindwurm
    56 | D:1      | Gained mutation: You are surrounded by a mild repulsion
                  | field. (EV +2) [demonic ancestry]
    56 | D:1      | Reached XP level 2. HP: 16/22 MP: 2/2
   531 | D:1      | Reached XP level 3. HP: 27/27 MP: 3/3
   816 | D:2      | Found an opulent altar of Gozag.
  1084 | D:2      | Found a faded altar of an unknown god.
  1108 | D:2      | Became a worshipper of Nemelex Xobeh the Trickster
  1108 | D:2      | Reached * piety under Nemelex Xobeh
  1108 | D:2      | Received a gift from Nemelex Xobeh
  1164 | D:2      | Gained mutation: You have sharp fingernails. [demonic
                  | ancestry]
  1164 | D:2      | Reached XP level 4. HP: 11/33 MP: 4/4
  1441 | D:2      | Received a gift from Nemelex Xobeh
  2118 | D:3      | Found a transporter.
  2127 | D:3      | Reached skill level 1 in Invocations
  2336 | D:3      | Found a transporter.
  2440 | D:3      | Found a basalt altar of Yredelemnul.
  2442 | D:3      | Reached ** piety under Nemelex Xobeh
  2512 | D:3      | Reached skill level 1 in Armour
  2512 | D:3      | Reached XP level 5. HP: 26/38 MP: 4/6
  2662 | D:3      | Found a snail-covered altar of Cheibriados.
  2794 | D:3      | Found a transporter.
  2794 | D:3      | Noticed EnegeticOcto's ghost (weakling HaEE)
  2796 | D:3      | Noticed an ogre
  2797 | D:3      | Identified the +7 great mace of Discretion {pain, *Noise
                  | rF+ SInv}
  2797 | D:3      | Noticed an ogre
  2798 | D:3      | Found a transporter.
  2818 | D:3      | Reached skill level 1 in Shields
  2888 | D:4      | Noticed an ogre
  2896 | D:4      | Killed an ogre
  3146 | D:4      | Received a gift from Nemelex Xobeh
  3158 | D:4      | Reached XP level 6. HP: 32/44 MP: 7/7
  3521 | D:4      | Found a shimmering altar of Xom.
  3527 | D:4      | Got a bloodstained dagger
  3528 | D:4      | Identified the +5 dagger "Gyopoavou" {vorpal, rPois} (You
                  | found it on level 4 of the Dungeon)
  3707 | D:4      | Found a staircase to the Ecumenical Temple.
  3801 | Temple   | Entered the Ecumenical Temple
  4130 | D:4      | Gained mutation: You have very sharp fingernails. [demonic
                  | ancestry]
  4130 | D:4      | Reached XP level 7. HP: 48/50 MP: 9/9
  4487 | D:5      | Entered Level 5 of the Dungeon
  4851 | D:5      | Received a gift from Nemelex Xobeh
  4911 | D:5      | Reached skill level 5 in Polearms
  5088 | D:5      | Reached *** piety under Nemelex Xobeh
  5091 | D:4      | Reached skill level 5 in Invocations
  5091 | D:4      | Gained mutation: You have claws for hands. [demonic
                  | ancestry]
  5091 | D:4      | Reached XP level 8. HP: 10/56 MP: 11/11
  5467 | D:5      | Found an ornate altar of the Wu Jian Council.
  6507 | D:6      | Received a gift from Nemelex Xobeh
  6518 | D:6      | Found a broken altar of Ashenzari.
  6598 | D:6      | Identified the +2 demon trident "Dooteh" {freeze, rN+ MR+}
  6631 | D:6      | Found a runed translucent gate.
  6632 | D:6      | Found a runed translucent gate.
  6650 | D:6      | Noticed an orange demon
  6674 | D:6      | Got a masterwork helmet
  6685 | D:6      | Identified the +2 helmet of the Garden {Str+7} (You found
                  | it on level 6 of the Dungeon)
  6765 | D:6      | Found a runed translucent gate.
  6970 | D:6      | Noticed Flugkiller's ghost (novice DEVM)
  7012 | D:6      | Reached XP level 9. HP: 54/64 MP: 13/13
  7227 | D:7      | Received a gift from Nemelex Xobeh
  7374 | D:7      | Paralysed by a hornet for 3 turns
  7375 | D:7      | Mangled by a hornet

Illustrated notes

Levels and vault maps discovered:
D:1:      onia_arrival_zoo_common, layout_basic
D:2:      layout_loops_ring, nicolae_gozag_seed_capital,
          chequers_ecumenical_altar_simple, kennysheep_generic_room_15
D:3:      layout_rooms, nicolae_overflow_hidden_temple,
          gammafunk_temple_overflow_arena, gammafunk_ghost_smash
D:4:      layout_loops_ring, xom_butterflies, minmay_temple_entry_statues,
          minmay_misc_feat_chi
D:5:      layout_loops_ring, kennysheep_mini_moat
D:6:      layout_cave_pools, lemuel_crystal_altar, gammafunk_ghost_icy
D:7:      layout_gridville, grunt_dithmenos_smoke_and_mirrors,
          gammafunk_temple_overflow_forgotten, eat_drink_and_be_merry_uskayaw,
          nicolae_qazlal_general_emergency
Temple:   dpeg_chambers_temple

Skill      XL: |  1  2  3  4  5  6  7  8  9 |
---------------+----------------------------+-----
Throwing       | 2 3 |  3.0
Polearms       | 3 4 5 6 |  6.3
Invocations    | 1 2 3 5 6 |  6.9
Armour         | 1 2 3 4 |  4.8
Shields        | 1 2 3 4 |  4.0
Dodging        | 3 4 |  4.1
Fighting       | 3 |  3.6

Action                   |  1- 3 |  4- 6 |  7- 9 || total
-------------------------+-------+-------+-------++-------
Melee: Trident           |    82 |   148 |   299 ||   529
       Dagger            |       |    22 |       ||    22
Throw: Throwing net      |     3 |     1 |     2 ||     6
Invok: Draw Destruction  |       |       |    10 ||    10
       Draw Escape       |       |       |     2 ||     2
       Draw Summoning    |       |       |     5 ||     5
  Use: Potion            |     3 |       |       ||     3
       Scroll            |       |     9 |     2 ||    11
 Stab: Sleeping          |     2 |       |       ||     2
       Held in net/web   |     1 |       |       ||     1
Armor: Leather armour    |    10 |     6 |       ||    16
       Scale mail        |       |    31 |    95 ||   126
Dodge: Dodged            |    56 |    65 |   150 ||   271
Block: Buckler           |       |    40 |    97 ||   137

Table legend: (Time is in decaauts)
 A = Elapsed time spent in this place.
 B = Non-inter-level travel time spent in this place.
 C = Inter-level travel time spent in this place.
 D = Time resting spent in this place.
 E = Time spent auto-exploring this place.
 F = Levels seen in this place.
 G = Mean time per level.
                   A        B        C        D        E       F      G
               +--------+--------+--------+--------+--------+-----+--------+
         Total |   7414 |   7087 |    327 |   1389 |   4610 |   8 |  926.8 |
       Dungeon |   7159 |   6894 |    265 |   1389 |   4419 |   7 | 1022.7 |
        Temple |    254 |    192 |     62 |      0 |    191 |   1 |  254.0 |
               +--------+--------+--------+--------+--------+-----+--------+

Top non-repeatable levels by time:
     D:4: 1602 daAuts
     D:6: 1188 daAuts
     D:2: 1106 daAuts
     D:5: 1098 daAuts
     D:1: 967 daAuts
     D:3: 835 daAuts
     D:7: 361 daAuts
  Temple: 254 daAuts
